 Dungeon Crawl Stone Soup version 0.28-a0-1152-g9c71ebef14 (webtiles) character file.

Game seed: 5855437394544518412

215 tilp the Chiller (level 5, 21/21 HPs)
             Began as a Felid Ice Elementalist on Dec 14, 2021.
             Quit the game on level 5 of the Dungeon.
             The game lasted 00:11:01 (6014 turns).

tilp the Chiller (Felid Ice Elementalist)           Turns: 6014, Time: 00:11:01

Health: 21/21      AC:  2    Str:  4    XL:     5   Next: 60%
Magic:  10/10      EV: 17    Int: 19    God:
Gold:   261        SH:  5    Dex: 16    Spells: 1/10 levels left
                                        Lives:  0   Deaths: 1

rFire   . . .      SeeInvis +     - Unarmed
rCold   . . .      Faith    .   (shield unavailable)
rNeg    . . .      Spirit   .   (armour unavailable)
rPois   .          Reflect  +   (helmet unavailable)
rElec   .          Harm     .   (cloak unavailable)
rCorr   .          Rampage  .   (gloves unavailable)
Will    .....                   (boots unavailable)
Stlth   ++........              c - amulet of reflection
HPRegen 0.07/turn               (no ring)
MPRegen 0.12/turn               (no ring)

@: quick
A: very small, claws 1, fangs 3, see invisible, speed 1, shaggy fur 2, stealthy
paws, no weapons or thrown items, no armour, multi-lived
a: no special abilities


You were on level 5 of the Dungeon.
You visited 1 branch of the dungeon, and saw 5 of its levels.
You also visited: Ossuary.

You collected 261 gold pieces.

Inventory:

Jewellery
 c - an amulet of reflection (around neck)
Wands
 a - a wand of mindburst (7)
Scrolls
 f - 2 scrolls of blinking {unknown}
 g - a scroll of acquirement {unknown}
 h - a scroll of fear {unknown}
 i - 2 scrolls of enchant armour {unknown}
 j - a scroll of vulnerability
Potions
 b - 3 potions of mutation
 d - a potion of magic
 e - 2 potions of degeneration {unknown}
 k - 2 potions of haste {unknown}


   Skills:
 - Level 2.6 Dodging
 - Level 2.6 Stealth
 - Level 2.0 Unarmed Combat
 - Level 3.0 Spellcasting
 + Level 2.4 Conjurations
 - Level 6.0 Ice Magic


You had one spell level left.
You knew the following spells:

 Your Spells              Type           Power      Damage    Failure   Level
a - Freeze                Ice            100%       1d11      1%          1
b - Frozen Ramparts       Ice            50%        1d7       3%          3
c - Ozocubu's Armour      Ice            25%        N/A       3%          3
d - Searing Ray           Conj           24%        2d5       9%          2

Your spell library contained the following spells:

 Spells                   Type           Power      Damage    Failure   Level
 Magic Dart               Conj           48%        1d5       5%          1
 Slow                     Hex            8%         N/A       16%         1
 Hailstorm                Conj/Ice       18%        3d6       26%         4
 Confusing Touch          Hex            2%         N/A       41%         3
 Vampiric Draining        Necr           2%         2d6       41%         3
 Fulminant Prism          Conj/Hex       3%         3d6       67%         4
 Summon Forest            Summ/Tloc      1%         N/A       99%         5
 Summon Mana Viper        Hex/Summ       2%         N/A       99%         5
 Summon Cactus Giant      Summ           1%         N/A       100%        6


Dungeon Overview and Level Annotations

Branches:
Dungeon (5/15)            Ossuary (visited)
 Temple: D:4-7

Altars:
Elyvilon
Sif Muna
Zin

Shops:
D:4 *

Annotations:
D:2 1 runed translucent door, Crazy Yiuf, Sigmund
D:5 Dowan, Duvessa


Innate Abilities, Weirdness & Mutations

You have sharp claws.
You have razor-sharp teeth.
You have supernaturally acute eyesight. (SInv)
You cover ground quickly. (Speed+)
You are covered in thick fur. (AC +2)
Your paws help you pounce on unaware monsters.
You are incapable of wielding weapons or throwing items.
You cannot wear armour.
You gain extra lives every three experience levels.


Message History

Duvessa is moderately wounded.
The wall freezes Duvessa.
Duvessa hits you with a +0 short sword.
The wall freezes Dowan.
Unknown command.
Aiming: Mindburst
Press: ? - help, Shift-Dir - straight line, f/p - Duvessa
Aim: Duvessa, wielding a +0 short sword and wearing a +0 leather armour (moderately wounded, chance to affect: 48%) Duvessa resists with some effort.
The wall freezes Duvessa.
You block Duvessa's attack.
The wall freezes Dowan.
Unknown command.
Unknown command.
Aiming: Mindburst
Press: ? - help, Shift-Dir - straight line, f/p - Duvessa
Aim: Duvessa, wielding a +0 short sword and wearing a +0 leather armour (heavily wounded, chance to affect: 48%) Duvessa resists with some effort.
The wall freezes Duvessa.
You block Duvessa's attack.
The wall freezes Dowan.
Unknown command.
Unknown command.
Aiming: Mindburst
Press: ? - help, Shift-Dir - straight line, f/p - Duvessa
Aim: Duvessa, wielding a +0 short sword and wearing a +0 leather armour (heavily wounded, chance to affect: 48%) Duvessa resists with some effort.
The wall freezes Duvessa.
Duvessa hits you with a +0 short sword.
The wall freezes Dowan.
Dowan casts a spell at Duvessa.
Duvessa seems to speed up.
Unknown command.
Aiming: Mindburst
Press: ? - help, Shift-Dir - straight line, f/p - Duvessa
Aim: Duvessa, wielding a +0 short sword and wearing a +0 leather armour (heavily wounded, fast, chance to affect: 48%) Duvessa resists with some effort.
The wall freezes Duvessa.
Duvessa hits you with a +0 short sword!
You die...
The wall freezes Dowan!
Dowan gestures wildly while chanting.
Dowan blinks!
The wall freezes Duvessa.
Duvessa hits you but does no damage.
You are now level 5!
You rejoin the land of the living...
Found a scroll of silence.
Unknown command.
Are you sure you want to abandon this character and quit the game? (Confirm with "yes".)

.# .# .# .# #
.# ###.####.#
#
........?#..#
#....@....#
#######......
..### .# #


There were no monsters in sight!

Vanquished Creatures
  A bullfrog zombie (D:4)
  An orc priest (D:3)
  4 iguanas
  A hound zombie (D:3)
  A hound skeleton (D:5)
  A mummy (Ossuary)
  A howler monkey skeleton (D:4)
  Robin (D:2)
  6 adders
  3 worms
  A dart slug (D:2)
  8 orcs
  4 spectral bats (Ossuary)
  6 endoplasms
  3 giant cockroaches
  12 gnoll zombies (Ossuary)
  14 goblins
  5 hobgoblins
  6 kobolds
  A quokka (D:4)
  6 ball pythons
  4 bats
  2 bat simulacra (Ossuary)
  4 frilled lizards
  3 goblin simulacra (Ossuary)
  5 goblin zombies (Ossuary)
  5 hobgoblin zombies (Ossuary)
  A jackal skeleton (D:3)
  2 kobold simulacra (Ossuary)
  5 kobold zombies (Ossuary)
  3 orc zombies (Ossuary)
  3 rats (D:1)
  4 rat simulacra (Ossuary)
  4 spectral goblins (Ossuary)
  3 spectral rats (Ossuary)
134 creatures vanquished.

Notes
Turn   | Place    | Note
-------+----------+-------------------------------------------
     0 | D:1      | tilp the Felid Ice Elementalist began the quest for the
                  | Orb.
     0 | D:1      | Reached XP level 1. HP: 7/7 MP: 4/4
   218 | D:1      | Reached skill level 1 in Unarmed Combat
   371 | D:1      | Reached XP level 2. HP: 9/11 MP: 1/6
  1401 | D:2      | Noticed Robin
  1614 | D:2      | Reached skill level 4 in Ice Magic
  1614 | D:2      | Reached XP level 3. HP: 13/14 MP: 4/7
  1723 | D:2      | Found a faded altar of an unknown god.
  1758 | D:2      | Learned a level 3 spell: Frozen Ramparts
  1819 | D:2      | Noticed Sigmund
  1966 | D:2      | Killed Robin
  1967 | D:2      | Reached XP level 4. HP: 18/18 MP: 1/8
  2404 | D:2      | Found a runed translucent door.
  2405 | D:2      | Noticed Crazy Yiuf
  3666 | D:3      | Reached skill level 5 in Ice Magic
  3666 | D:3      | Reached XP level 5. HP: 21/21 MP: 6/10
  3670 | D:3      | Learned a level 3 spell: Ozocubu's Armour
  3673 | D:3      | Learned a level 2 spell: Searing Ray
  3932 | D:3      | Found a shimmering blue altar of Sif Muna.
  3939 | D:3      | Found a glowing silver altar of Zin.
  3940 | D:3      | Found a white marble altar of Elyvilon.
  4281 | D:4      | Found Sitot's General Store.
  4741 | D:4      | Reached skill level 1 in Conjurations
  4950 | D:4      | Gained mutation: You are covered in thick fur. (AC +2)
                  | [Felid growth]
  4950 | D:4      | Reached XP level 6. HP: 24/24 MP: 9/11
  5048 | D:5      | Entered Level 5 of the Dungeon
  5157 | D:5      | Found a sand-covered staircase.
  5162 | D:5      | Noticed Duvessa
  5162 | D:5      | Noticed Dowan
  5168 | Ossuary  | Entered an ossuary
  5473 | Ossuary  | Reached skill level 6 in Ice Magic
  6013 | D:5      | Slain by Duvessa
  6014 | D:5      | Reached XP level 5. HP: 0/21 MP: 2/10
  6014 | D:5      | Quit the game

Illustrated notes

Levels and vault maps discovered:
D:1:      dpeg_arrival_tiny_f, layout_basic
D:2:      layout_basic, basic_ecumenical_altar, glass_columns_a,
          uniq_crazy_yiuf_cottage, uniq_robin, uniq_sigmund
D:3:      layout_loops_ring, minitemple
D:4:      layout_rooms, serial_shops, shop
D:5:      layout_loops_ring, worldfamousw_hep_ancestral_shrine,
          nicolae_ossuary_entry_monument, cheibrodos_sewer_entry_bend,
          serial_shops, nicolae_inconvenience_store, kennysheep_small_square,
          uniq_duvessa

Skill      XL: |  1  2  3  4  5  6 |
---------------+-------------------+-----
Unarmed Combat | 1 2 |  2.0
Ice Magic      | 4 5 6 |  6.0
Spellcasting   | 3 |  3.0
Conjurations   | 1 2 |  2.4
Dodging        | |  2.6
Stealth        | |  2.6

Action                   |  1- 3 |  4- 6 || total
-------------------------+-------+-------++-------
Melee: Unarmed           |    15 |   242 ||   257
       Bite              |     1 |    26 ||    27
       Punch             |       |     7 ||     7
 Cast: Freeze            |    35 |    44 ||    79
       Frozen Ramparts   |     3 |    12 ||    15
       Ozocubu's Armour  |       |     9 ||     9
       Searing Ray       |       |     2 ||     2
Evoke: Wand              |       |     6 ||     6
  Use: Scroll            |     3 |     8 ||    11
 Stab: Sleeping          |     5 |    20 ||    25
Armor: Skin              |     3 |    28 ||    31
Dodge: Dodged            |    24 |   173 ||   197
Block: Other             |       |    32 ||    32

Table legend: (Time is in decaauts)
 A = Elapsed time spent in this place.
 B = Non-inter-level travel time spent in this place.
 C = Inter-level travel time spent in this place.
 D = Time resting spent in this place.
 E = Time spent auto-exploring this place.
 F = Levels seen in this place.
 G = Mean time per level.
                   A        B        C        D        E       F      G
               +--------+--------+--------+--------+--------+-----+--------+
         Total |   5437 |   5279 |    158 |   1094 |   3107 |   6 |  906.2 |
       Dungeon |   4658 |   4500 |    158 |    705 |   3107 |   5 |  931.6 |
       Ossuary |    778 |    778 |      0 |    389 |      0 |   1 |  778.0 |
               +--------+--------+--------+--------+--------+-----+--------+

Top non-repeatable levels by time:
     D:1: 1427 daAuts
     D:2: 1270 daAuts
     D:3: 1127 daAuts
 Ossuary: 778 daAuts
     D:4: 718 daAuts
     D:5: 116 daAuts
